Match 41002501
Unlisted

Match 41002501
End
Royal Engineer Section
Construct Section Command Post
Selects Australian Defense Battlegroup
Selects Australian Light Infantry Section
Infantry Section
Infantry Section
Infantry Section
Construct Platoon Command Post
Humber Armored Car
Construct Field Infirmary
Selects 2-pounder Anti-tank Gun Team
2-pounder Anti-tank Gun Team
2-pounder Anti-tank Gun Team
Grenade Package
Infantry Section
Infantry Training
Vickers Machine Gun Team
Selects Vehicle Over Repair
Construct Company Command Post
Crusader II Medium Tank
Selects CMP 15cwt Supply Run
Selects Reinforced Resource Caches
Crusader II Medium Tank
FeriG
Reakly
0
0

Comments sign in to comment!

No comments posted yet!